 Dungeon Crawl Stone Soup version 0.26-a0-58-g79b31b8662 (console) character file.

Game seed: 4369680438077914826

9034 Morrissey the Grappler (level 11, -2/102 HPs)
             Began as a Troll Hunter on June 8, 2020.
             Was a High Priest of Okawaru.
             Slain by an eight-headed hydra (7 damage)
             ... on level 1 of the Lair of Beasts.
             The game lasted 00:18:54 (9830 turns).

Morrissey the Grappler (Troll Hunter)               Turns: 9830, Time: 00:18:55

Health: -2/102     AC: 12    Str: 22    XL:     11   Next: 17%
Magic:  26/26      EV: 11    Int:  7    God:    Okawaru [*****.]
Gold:   712        SH:  0    Dex: 13    Spells: 10/10 levels left

rFire    . . .     SeeInvis .     - Unarmed
rCold    . . .     Gourm    +   (no shield)
rNeg     . . .     Faith    .   d - +0 steam dragon scales
rPois    .         Spirit   .   (helmet restricted)
rElec    .         Reflect  .   D - +2 cloak
rCorr    .         Harm     .   (gloves unavailable)
MR       .....                  (boots unavailable)
Stlth    +.........             (no amulet)
HPRegen  0.67/turn              F - ring of magical power
MPRegen  0.20/turn              (no ring)

@: no status effects
A: large, unfitting armour, claws 3, fast metabolism 3, gourmand, regeneration
1, shaggy fur 1, tough skin 3
a: Heroism, Finesse, Renounce Religion


You were on level 1 of the Lair of Beasts.
You worshipped Okawaru.
Okawaru was extremely pleased with you.
You were very full.

You visited 2 branches of the dungeon, and saw 11 of its levels.
You also visited: Sewer.

You collected 712 gold pieces.

Inventory:

Missiles
 e - 345 stones (quivered)
 A - 36 poisoned darts
 G - a throwing net
 H - 7 silver javelins
 I - 4 curare-tipped darts
 M - 4 boomerangs
Armour
 d - +0 steam dragon scales (worn)
 D - a +2 cloak (worn)
Jewellery
 a - an uncursed amulet of the acrobat {unknown}
 F - a ring of magical power (left claw)
 J - an uncursed amulet of guardian spirit
 N - a +4 ring of evasion
Wands
 E - a wand of random effects (27)
 L - a wand of flame (10)
Scrolls
 h - 2 scrolls of teleportation
 i - 2 scrolls of enchant armour {unknown}
 l - 3 scrolls of enchant weapon {unknown}
 o - 5 scrolls of remove curse {unknown}
 t - 2 scrolls of noise {unknown}
 u - 5 scrolls of fog
 v - 6 scrolls of magic mapping {unknown}
 w - 2 scrolls of amnesia {unknown}
 y - 3 scrolls of blinking {unknown}
 z - 2 scrolls of fear {unknown}
Potions
 g - a potion of ambrosia {unknown}
 j - 2 potions of haste {unknown}
 k - 3 potions of brilliance
 n - a potion of degeneration {unknown}
 p - 2 potions of flight {unknown}
 q - 3 potions of might
 r - 6 potions of curing
 s - 3 potions of heal wounds
 x - 2 potions of magic {unknown}
 B - 2 potions of berserk rage {unknown}
 C - a potion of lignification {unknown}
 K - a potion of resistance {unknown}
Comestibles
 f - 21 rations


   Skills:
 - Level 5.0 Fighting
 - Level 8.0 Throwing
 + Level 3.2 Dodging
 - Level 0.3 Stealth
 - Level 10.0 Unarmed Combat
 + Level 9.3 Invocations


You had 10 spell levels left.
You didn't know any spells.
Your spell library contained the following spells:

 Spells                   Type           Power        Failure   Level  Hunger
 Animate Skeleton         Necr           N/A          43%         1    ##.....
 Apportation              Tloc           #.....       43%         1    ##.....
 Beastly Appendage        Tmut           #.....       43%         1    ##.....
 Corona                   Hex            #......      43%         1    ##.....
 Freeze                   Ice            #...         43%         1    ##.....
 Magic Dart               Conj           #...         43%         1    ##.....
 Shock                    Conj/Air       #...         43%         1    ##.....
 Summon Small Mammal      Summ           #...         43%         1    ##.....
 Blink                    Tloc           N/A          56%         2    ###....
 Call Imp                 Summ           #.......     56%         2    ###....
 Slow                     Hex            #.......     56%         2    ###....
 Sublimation of Blood     Necr           #.........   56%         2    ###....
 Swiftness                Chrm/Air       #.......     56%         2    ###....
 Confusing Touch          Hex            #.......     80%         3    ####...
 Conjure Flame            Conj/Fire      #.......     80%         3    ####...
 Frozen Ramparts          Ice            #.....       80%         3    ####...
 Gell's Gravitas          Tloc           #.........   80%         3    ####...
 Ignite Poison            Fire/Tmut/Pois #.......     80%         3    ####...
 Mephitic Cloud           Conj/Pois/Air  #.......     80%         3    ####...
 Ozocubu's Armour         Chrm/Ice       #.......     80%         3    ####...
 Spider Form              Tmut/Pois      #.........   80%         3    ####...
 Static Discharge         Conj/Air       #.......     80%         3    ####...
 Airstrike                Air            #.........   99%         4    #####..
 Cause Fear               Hex            #.........   99%         4    #####..
 Hailstorm                Conj/Ice       #.......     99%         4    #####..
 Petrify                  Tmut/Erth      #.......     99%         4    #####..
 Summon Ice Beast         Ice/Summ       #.......     99%         4    #####..
 Alistair's Intoxication  Tmut/Pois      #.......     100%        5    ######.
 Irradiate                Conj/Tmut      #.........   100%        5    ######.
 Lightning Bolt           Conj/Air       #.........   100%        5    ######.
 Metabolic Englaciation   Hex/Ice        #.........   100%        5    ######.
 Silence                  Hex/Air        #.........   100%        5    ######.
 Yara's Violent Unravell  Hex/Tmut       #.........   100%        5    ######.
 Eringya's Noxious Bog    Tmut/Pois      #.........   100%        6    #######
 Malign Gateway           Summ/Tloc      #.........   100%        7    #######
 Monstrous Menagerie      Summ           #.........   100%        7    #######
 Summon Greater Demon     Summ           #.........   100%        7    #######
 Discord                  Hex            #.........   100%        8    #######
 Summon Horrible Things   Summ           #.........   100%        8    #######


Dungeon Overview and Level Annotations

Branches:
Dungeon (10/15)              Lair (1/6) D:10          Sewer (visited)
 Temple: D:4-7          Orc: D:9-12

Altars:
Fedhas
Gozag
Hepliaklqana
Makhleb
Nemelex Xobeh
Okawaru
Qazlal
Sif Muna
Trog
Wu Jian
Yredelemnul

Shops:
D:6 *

Portals:
Trove: D:10 (give +5 demon blade)

Annotations:
Lair:1 1 runed translucent door, exclusion: fire elemental, Besiuda's ghost, journeyman DEFE


Innate Abilities, Weirdness & Mutations

You are too large for most types of armour.
You have claws for hands.
Your metabolism is lightning-fast.
You like to eat raw meat.
Your natural rate of healing is unusually fast.
You are covered in fur. (AC +1)
You have extremely tough skin. (AC +3)


Message History

The eight-headed hydra misses you. The eight-headed hydra bites you!
* * * LOW HITPOINT WARNING * * *
The eight-headed hydra bites you!
* * * LOW HITPOINT WARNING * * *
The eight-headed hydra bites you.
* * * LOW HITPOINT WARNING * * *
The eight-headed hydra bites you but does no damage.
The eight-headed hydra bites you!
* * * LOW HITPOINT WARNING * * *
Unknown command.
Throwing (i - inventory. (/) - cycle)
c - a large rock (quivered)
Press: ? - help, Shift-Dir - straight line, f/p - eight-headed hydra
Aim: an eight-headed hydra (severely wounded)
You throw a large rock.
The large rock barely misses the eight-headed hydra.
You hear a splash.
The eight-headed hydra bites you but does no damage. x4
The eight-headed hydra barely misses you.
The eight-headed hydra bites you!
You die...

(≈≈ ≈........ ≈≈≈P ≈≈...... .
≈≈≈≈♣♣...... .. ≈≈≈...... ...
≈(..... ... ♣.... ..
♣♣♣##D.#.##..#
♣≈....@......## ≈
♣♣♣#...###....# ≈ ♣≈..####
....#
≈≈≈≈≈≈.P≈≈♣♣♣♣.##≈♣♣♣≈..####
≈≈≈≈≈≈.≈≈PP≈≈≈♣≈♣P≈≈≈≈♣..#P##
♣P≈≈≈≈.≈≈≈≈P≈≈≈≈≈≈≈≈≈≈≈≈...P#
.≈≈≈P≈.≈≈≈≈≈≈≈≈≈≈≈≈≈≈≈≈≈≈..#
..P≈≈......................#
...♣P..♣≈≈≈≈≈≈≈≈≈≈≈≈≈≈P≈≈..#


You could see an eight-headed hydra.

Vanquished Creatures
  An orc high priest (D:10)
  Pikel (D:4)
  A cyclops (shapeshifter) (D:10)
  A deep elf mage (D:10)
  A spiny frog (Lair:1)
  Maggie (D:7)
  2 trolls
  A hippogriff (D:10)
  5 yaks
  Grum (D:8)
  A hungry ghost (D:7)
  Edmund (D:5)
  A water moccasin (D:6)
  3 porcupines
  3 orc warriors
  An ice beast (D:10)
  3 black bears
  6 ogres
  A sky beast (D:4)
  3 wolves (D:8)
  A centaur (D:10)
  2 crocodiles (Lair:1)
  3 big kobolds
  11 bullfrogs
  2 scorpions
  3 wights (D:7)
  5 howler monkeys
  An electric eel (Lair:1)
  4 crimson imps
  3 jellies
  A quasit (D:9)
  2 bullfrog zombies
  5 hounds
  Crazy Yiuf (D:3)
  2 orc wizards
  3 bullfrog skeletons
  3 orc priests
  2 centaur skeletons (D:6)
  Natasha (twice) (D:4)
  7 iguanas
  2 worker ants
  A hound skeleton (D:7)
  A worker ant zombie (D:9)
  6 gnolls
  8 adders
  A river rat (D:6)
  A shadow imp (D:6)
  An adder skeleton (D:5)
  2 worms (D:2)
  2 dart slugs (D:2)
  6 leopard geckos
  33 orcs
  13 giant cockroaches
  9 goblins
  7 hobgoblins
  12 jackals
  2 quokkas
  5 ball pythons
  5 bats
  9 frilled lizards
  27 kobolds
  A leopard gecko skeleton (D:5)
  A quokka skeleton (D:4)
  8 rats
  A spectral orc (D:6)
265 creatures vanquished.

Vanquished Creatures (others)
  Natasha (D:4)
  4 plants (Lair:1)
  5 toadstools (D:1)
10 creatures vanquished.

Grand Total: 275 creatures vanquished

Notes
Turn   | Place    | Note
-------+----------+-------------------------------------------
     0 | D:1      | Morrissey the Troll Hunter began the quest for the Orb.
     0 | D:1      | Reached XP level 1. HP: 19/19 MP: 0/0
   305 | D:1      | Reached XP level 2. HP: 28/28 MP: 1/1
   432 | D:1      | Reached skill level 1 in Unarmed Combat
   940 | D:2      | Reached XP level 3. HP: 32/35 MP: 2/2
  1025 | D:2      | Found an opulent altar of Gozag.
  1319 | D:2      | Found an iron altar of Okawaru.
  1579 | D:2      | Became a worshipper of Warmaster Okawaru
  1713 | D:3      | Noticed a big kobold
  1718 | D:3      | Reached XP level 4. HP: 44/44 MP: 3/3
  1730 | D:3      | Killed a big kobold
  1730 | D:3      | Reached skill level 2 in Unarmed Combat
  1730 | D:3      | Reached XP level 5. HP: 43/50 MP: 4/4
  2314 | D:3      | Found a runed translucent door.
  2315 | D:3      | Noticed Crazy Yiuf
  2404 | D:3      | Killed Crazy Yiuf
  2404 | D:3      | Reached skill level 3 in Unarmed Combat
  2493 | D:4      | Found a stormy altar of Qazlal.
  2509 | D:4      | Reached XP level 6. HP: 61/61 MP: 5/5
  2573 | D:4      | Reached skill level 5 in Throwing
  2669 | D:4      | Found a sparkling altar of Nemelex Xobeh.
  2871 | D:4      | Noticed a sky beast
  2919 | D:4      | Killed a sky beast
  2919 | D:4      | Reached * piety under Okawaru
  2919 | D:4      | Reached skill level 4 in Unarmed Combat
  2919 | D:4      | Reached XP level 7. HP: 65/68 MP: 6/6
  2938 | D:4      | Noticed Pikel
  2939 | D:4      | Noticed Natasha
  2991 | D:4      | Killed Pikel
  2991 | D:4      | Reached ** piety under Okawaru
  2991 | D:4      | Reached skill level 5 in Unarmed Combat
  2991 | D:4      | Reached XP level 8. HP: 30/79 MP: 7/7
  3010 | D:4      | Killed Natasha
  3041 | D:4      | Noticed Natasha
  3052 | D:4      | Killed Natasha
  3104 | D:4      | Killed Natasha
  3337 | D:5      | Entered Level 5 of the Dungeon
  3426 | D:5      | Reached skill level 5 in Fighting
  3776 | D:5      | Noticed Edmund
  3787 | D:5      | Killed Edmund
  3787 | D:5      | Reached skill level 6 in Unarmed Combat
  3787 | D:5      | Reached skill level 1 in Invocations
  3897 | D:5      | Found a shimmering blue altar of Sif Muna.
  4217 | D:5      | Found an opulent altar of Gozag.
  4605 | D:6      | Found Feiz's Elemental Accessories.
  4863 | D:6      | Found a glowing drain.
  4874 | Sewer    | Entered a sewer
  5071 | Sewer    | Reached XP level 9. HP: 81/88 MP: 10/10
  5577 | D:6      | Found a basalt altar of Yredelemnul.
  5619 | D:6      | Found a hazy altar of Hepliaklqana.
  5659 | D:7      | Reached skill level 7 in Unarmed Combat
  5664 | D:7      | Noticed Maggie
  5672 | D:7      | Killed Maggie
  5672 | D:7      | Reached *** piety under Okawaru
  6023 | D:7      | Found a bloodstained altar of Trog.
  6351 | D:8      | Found an ornate altar of the Wu Jian Council.
  6378 | D:8      | Reached skill level 8 in Unarmed Combat
  6430 | D:8      | You fall into a shaft and drop 2 floors!
  6430 | D:10     | Entered Level 10 of the Dungeon
  6463 | D:10     | Found a blossoming altar of Fedhas.
  6486 | D:10     | Reached skill level 5 in Invocations
  6510 | D:10     | Reached **** piety under Okawaru
  6630 | D:10     | Noticed a troll
  6641 | D:10     | Killed a troll
  6641 | D:10     | Reached XP level 10. HP: 60/96 MP: 13/13
  6771 | D:10     | Received a gift from Okawaru
  6826 | D:10     | Reached skill level 9 in Unarmed Combat
  6841 | D:10     | Found a portal to a secret trove of treasure.
  7113 | D:10     | Found a staircase to the Lair.
  7514 | D:10     | Noticed an orc high priest
  7520 | D:10     | Killed an orc high priest
  7520 | D:10     | Reached ***** piety under Okawaru
  7534 | D:10     | Noticed a harpy
  7534 | D:10     | a tarantella changed into a harpy
  7536 | D:10     | a harpy changed into a wind drake
  7540 | D:10     | Noticed a harpy
  7540 | D:10     | a wind drake changed into a harpy
  7542 | D:10     | a harpy changed into a komodo dragon
  7547 | D:10     | Noticed a cyclops
  7547 | D:10     | a komodo dragon changed into a cyclops
  7550 | D:10     | Killed a cyclops
  7550 | D:10     | Reached skill level 10 in Unarmed Combat
  8124 | D:8      | Noticed Grum
  8133 | D:8      | Received a gift from Okawaru
  8142 | D:8      | Killed Grum
  8219 | D:8      | Found a burning altar of Makhleb.
  8415 | D:8      | Found a blossoming altar of Fedhas.
  8467 | D:8      | Found a sparkling altar of Nemelex Xobeh.
  8857 | D:9      | Received a gift from Okawaru
  8857 | D:9      | Reached XP level 11. HP: 96/102 MP: 16/16
  8949 | Lair:1   | Entered Level 1 of the Lair of Beasts
  8999 | Lair:1   | Found a runed translucent door.
  9056 | D:10     | Noticed a deep elf mage
  9058 | D:10     | Noticed a deep elf mage
  9061 | D:10     | Noticed a deep elf mage
  9233 | D:10     | Identified Yjulo's Tome of Shape Shifting
  9281 | D:10     | Killed a deep elf mage
  9372 | Lair:1   | Noticed Besiuda's ghost (journeyman DEFE)
  9826 | Lair:1   | Noticed an eight-headed hydra
  9829 | Lair:1   | HP: 4/102 [eight-headed hydra (12)]
  9830 | Lair:1   | Slain by an eight-headed hydra

Illustrated notes

Levels and vault maps discovered:
D:1:      ldierk_walled_garden, layout_basic, lemuel_another_geyser
D:2:      layout_loops_ring, overflow_temple_1_default,
          kennysheep_okawaru_gauntlet
D:3:      minmay_general_purpose_star, layout_basic, uniq_crazy_yiuf_cottage
D:4:      layout_rooms, nicolae_qazlal_general_emergency, nemelex_altar_shiori,
          uniq_natasha, uniq_pikel
D:5:      layout_basic, lemuel_doored_altar, first_ration, serial_park_tiny_1,
          grunt_gozag_breadcrumbs, uniq_edmund
D:6:      layout_rooms, kennysheep_mini_moat,
          yredelemnul_forgotten_temple_becter, portal_sewer_entry_e,
          nicolae_elemental_shop, grunt_ministairs_4
D:7:      layout_rooms, marbit_many_paths, minmay_temple_entry_from_below_a,
          uniq_maggie
D:8:      layout_rooms, nicolae_overflow_crystal_walls, kennysheep_mini,
          kennysheep_little_box, grunt_ogre_cave, bloody_makhleb, uniq_grum
D:9:      layout_layer_cave, serial_rivers, chequers_serial_rivers_micro_e,
          chequers_serial_rivers_small_a, chequers_serial_rivers_large_a,
          chequers_serial_rivers_micro_a, chequers_serial_rivers_micro_a
D:10:     minmay_the_grid_plus_closed [minmay_the_grid_tri_star,
          minmay_the_grid_large_cup, minmay_the_grid_dragon_b,
          minmay_the_grid_empty, minmay_the_grid_prize_diamond_cup],
          layout_stronghold, grunt_lair_entry_orc_guard_hut,
          nicolae_trove_entry_free_sample, roderic_roman_lattice, fedhas_altar_2
Lair:1:   layout_gridlike, ebering_ghost_inner_flame, minivault_27,
          serial_bayou_lagoon_b

Skill      XL: |  1  2  3  4  5  6  7  8  9 10 11 |
---------------+----------------------------------+-----
Unarmed Combat | 1 2 3 4 5 6 8 10 | 10.0
Fighting       | 2 3 4 5 |  5.0
Throwing       | 4 5 6 7 8 |  8.0
Invocations    | 2 5 8 9 |  9.3
Dodging        | 2 3 |  3.2
Stealth        | |  0.3

Action                   |  1- 3 |  4- 6 |  7- 9 | 10-12 || total
-------------------------+-------+-------+-------+-------++-------
Melee: Unarmed           |    88 |   154 |   265 |   216 ||   723
       Punch             |       |     2 |    10 |    10 ||    22
Throw: Stone             |     4 |    23 |   162 |   179 ||   368
       Dart              |       |     3 |    16 |     2 ||    21
       Large rock        |       |       |     5 |     7 ||    12
       Throwing net      |       |       |     2 |       ||     2
       Boomerang         |       |       |       |     2 ||     2
Invok: Heroism           |       |       |     2 |     4 ||     6
  Use: Scroll            |       |       |       |    10 ||    10
       Potion            |       |       |       |     2 ||     2
 Stab: Sleeping          |     2 |       |       |       ||     2
  Eat: Chunk             |    19 |    13 |    41 |    27 ||   100
Armor: Robe              |    38 |    68 |    76 |       ||   182
       Steam dragon scal |       |       |    22 |    86 ||   108
Dodge: Dodged            |    49 |    81 |   116 |   107 ||   353

Table legend:
 A = Non-vault XP
 B = Vault XP
 C = Vault XP percentage of total XP
 D = Non-vault monster count
 E = Vault monster count
 F = Vault count percentage of total count
                 A         B        C        D         E       F
            +---------+---------+-------+---------+---------+-------
      Total |    7829 |    5078 |  39.3 |     211 |      54 |  20.4
            +---------+---------+-------+---------+---------+-------
        D:1 |      26 |       0 |   0.0 |      17 |       0 |   0.0
        D:2 |      59 |       4 |   6.3 |      14 |       2 |  12.5
        D:3 |     107 |     146 |  57.7 |      27 |       5 |  15.6
        D:4 |     613 |     679 |  52.6 |      23 |       2 |   8.0
        D:5 |     344 |     166 |  32.5 |      18 |       1 |   5.3
        D:6 |     333 |     170 |  33.8 |      17 |      10 |  37.0
        D:7 |    1106 |     479 |  30.2 |      25 |       2 |   7.4
        D:8 |     349 |     664 |  65.5 |      13 |       5 |  27.8
        D:9 |    1722 |       0 |   0.0 |      17 |       0 |   0.0
       D:10 |    1973 |    2556 |  56.4 |      32 |       8 |  20.0
     Lair:1 |    1197 |       0 |   0.0 |       8 |       0 |   0.0
      Sewer |       0 |     214 | 100.0 |       0 |      19 | 100.0
            +---------+---------+-------+---------+---------+-------
